 Dungeon Crawl Stone Soup version 0.30-a0-272-gf98c3da03f (webtiles) character file.

Game seed: 16600351392802108749

12431 koil the Covert (level 11, 0/56 HPs)
             Began as a Spriggan Enchanter on Oct 15, 2022.
             Was a Priest of Dithmenos.
             Slain by Psyche
             ... wielding a +1 dagger of distortion
              (12 damage)
             ... on level 10 of the Dungeon.
             The game lasted 00:45:27 (11921 turns).

koil the Covert (Spriggan Enchanter)               Turns: 11921, Time: 00:45:28

Health: 0/56       AC:  5    Str:  4    XL:     11   Next: 62%
Magic:  2/25       EV: 25    Int: 17    God:    Dithmenos [***...]
Gold:   390        SH:  0    Dex: 20    Spells: 24/29 levels left

rFire   . . .      SeeInvis +    q - +4 dagger (speed)
rCold   . . .      Faith    .    (no shield)
rNeg    + . .      Spirit   .    G - +0 robe {rN+}
rPois   .          Reflect  .    V - +1 hat
rElec   .          Harm     .    E - +2 cloak
rCorr   +          Rampage  .    (gloves unavailable)
Will    +....                    (boots unavailable)
Stlth   ++++++++..               d - amulet of the acrobat
HPRegen 0.29/turn                e - ring of resist corrosion
MPRegen 0.19/turn                y - ring of resist corrosion

@: confusing by touch, wreathed by umbra, very quick
A: very small, no large weapons, unfitting armour, see invisible, speed 3,
deformed body, wild magic 1, noise suppression
a: Renounce Religion, Shadow Step


You were on level 10 of the Dungeon.
You worshipped Dithmenos.
Dithmenos was most pleased with you.
You visited 2 branches of the dungeon, and saw 11 of its levels.

You collected 651 gold pieces.
You spent 261 gold pieces at shops.

Inventory:

Hand Weapons
 j - the +1 short sword of Sofiriowk {venom, Int+2}
   (You bought it in a shop on level 9 of the Dungeon)

   It poisons the flesh of those it strikes.
   Int:       It affects your intelligence (+2).
 q - a +4 dagger of speed (weapon)
 v - a +0 vorpal dagger
 x - a +3 hand axe of flaming
 C - a +1 short sword of venom
 L - a +2 dagger of draining
 N - a +1 demon whip of venom
 Q - a +0 dagger of venom
 S - a +0 mace of draining
Missiles
 t - 3 throwing nets
 B - 2 curare-tipped darts (quivered)
 P - 9 poisoned darts
Armour
 m - a +0 robe of fire resistance
 D - a +2 chain mail of fire resistance
 E - a +2 cloak (worn)
 G - a +0 robe of positive energy (worn)
 I - a +0 troll leather armour
 V - a +1 hat (worn)
 X - a +0 troll leather armour
Magical Staves
 R - a staff of conjuration
Jewellery
 d - an amulet of the acrobat (around neck)
 e - a ring of resist corrosion (left hand)
 l - the Hermit's Pendant {Faith Invo=14 Evo=0 MP+5}
   (You found it on level 6 of the Dungeon)

   [amulet of faith]

   It sets your invocations skill to 14 and your evocations skill to 0.
   It allows you to gain divine favour quickly.
   MP:        It affects your magic capacity (+5).
 p - an amulet of guardian spirit
 y - a ring of resist corrosion (right hand)
 M - a ring of protection from fire
 O - a ring of fire
Wands
 s - a wand of paralysis (11)
 w - a wand of flame (25)
 F - a wand of digging (10)
Scrolls
 b - 3 scrolls of blinking
 f - a scroll of silence
 i - a scroll of butterflies {unknown}
 k - 4 scrolls of fear
 r - 3 scrolls of teleportation
 K - a scroll of brand weapon
 U - 3 scrolls of enchant weapon
Potions
 a - 3 potions of magic
 c - 2 potions of invisibility
 g - a potion of haste
 h - a potion of berserk rage
 n - a potion of heal wounds
 o - 4 potions of curing
 u - a potion of flight
 z - a potion of mutation
 A - 2 potions of cancellation
 J - a potion of might
 T - a potion of lignification {unknown}
 W - a potion of brilliance {unknown}
 Y - 2 potions of ambrosia {unknown}
Miscellaneous
 H - a condenser vane


   Skills:
 + Level 6.2 Fighting
 + Level 8.4 Short Blades
 + Level 10.5 Dodging
 + Level 12.6 Stealth
 + Level 9.7 Spellcasting
 + Level 9.9 Hexes


You had 24 spell levels left.
You knew the following spells:

 Your Spells              Type           Power      Damage    Failure   Level
a - Ensorcelled Hibernat  Hex/Ice        64%        N/A       3%          2
b - Confusing Touch       Hex            53%        N/A       1%          3

Your spell library contained the following spells:

 Spells                   Type           Power      Damage    Failure   Level
 Tukima's Dance           Hex            53%        N/A       1%          3
 Dazzling Flash           Conj/Hex       64%        N/A       5%          3
 Blink                    Tloc           20%        N/A       19%         2
 Cigotuvi's Dreadful Rot  Necr/Pois/Air  20%        N/A       19%         2
 Summon Mana Viper        Hex/Summ       32%        N/A       38%         5
 Animate Dead             Necr           10%        N/A       73%         4
 Dispel Undead            Necr           10%        3d9       73%         4
 Manifold Assault         Tloc           10%        N/A       73%         4
 Summon Forest            Summ/Tloc      5%         N/A       96%         5
 Death Channel            Necr           5%         N/A       100%        6
 Summon Cactus Giant      Summ           5%         N/A       100%        6
 Haunt                    Necr/Summ      5%         N/A       100%        7
 Storm Form               Tmut/Air       5%         N/A       100%        7
 Infestation              Necr           5%         N/A       100%        8


Dungeon Overview and Level Annotations

Branches:
Dungeon (10/15)            Temple (1/1) D:5            Lair (0/5) D:9
    Orc: D:9-12

Altars:
Ashenzari
Cheibriados
Dithmenos
Elyvilon
Fedhas
Gozag
Hepliaklqana
Kikubaaqudgha
Makhleb
Nemelex Xobeh
Okawaru
Qazlal
Ru
Sif Muna
Trog
Uskayaw
Vehumet
Wu Jian
Yredelemnul
Zin
The Shining One

Shops:
D:2 [([[(   D:3 (!   D:7 [*   D:9 (

Annotations:
D:10 Psyche


Innate Abilities, Weirdness & Mutations

You are very small and have problems with some larger weapons.
You are too small for most types of armour.
You have supernaturally acute eyesight. (SInv)
You cover ground extremely quickly. (Speed+++)
Armour fits poorly on your strangely shaped body.
Your spells are a little harder to cast, but a little more powerful.
You passively dampen the noise of your surroundings.


Message History

You feel sick.
You feel sick.
You are no longer poisoned.
An orc wizard comes into view. It is wielding a +0 dagger of speed.
A wight comes into view. It is wielding a +3 mace of freezing.
There is an open door here.
The helpless yak fails to defend itself.
You perforate the yak like a sieve!!!!
You kill the yak!
Dithmenos accepts your kill.
Found a scroll of enchant weapon.
You close the door.
U - 3 scrolls of enchant weapon (gained 1)
You barely miss the yak.
The yak is moderately wounded.
The yak snorts and paws the ground.
The yak misses you.
Casting: Confusing Touch (safe; 1% risk of failure)
Confirm with . or Enter, or press ? or * to list all spells.
Your hands begin to glow red.
The yak completely misses you.
You hit the yak but do no damage.
The yak is moderately wounded.
You hit the yak but do no damage.
The yak is moderately wounded.
The yak completely misses you.
You hit the yak but do no damage.
The yak appears confused.
The yak is moderately wounded.
You strike the helpless yak from behind!
You impale the yak!!
You kill the yak!
Dithmenos accepts your kill.
You close the door.
You start resting.
Psyche is nearby!
Casting: Confusing Touch (safe; 1% risk of failure)
Confirm with . or Enter, or press ? or * to list all spells.
Your hands begin to glow red.
Psyche shouts!
Psyche hits you but does no damage. Space warps horribly around you!
You die...

##.#.)...#.##.#......#....#####
...'.).})')#...÷.Y...)÷........
##.}}|.#)#...÷#....#.........
#.....#...#..#....#.........
###)####..##.#...##.........
#.))..###..#.#..##..........
#...o...# #.....##...........
#..#.#.#..####@###..##########
#..### ###..#†@...#............
#.. ..#.###.#............ .'.
#.+...#.#............ ##
#o.##### #....†....... #..
#............
#z.########.......#.<..
...##..............#....
...##......#........#....
'###.......#........#....


You could see Psyche.

Vanquished Creatures
  Harold (D:9)
  A centaur warrior (D:10)
  The ghost of chippings the Ogre Mage, a novice OgFE of Vehumet (D:9)
  An anaconda (shapeshifter) (D:10)
  Amaemon (D:9)
  An ugly thing (D:10)
  A manticore (D:10)
  A gargoyle (D:10)
  An orange demon (D:9)
  A komodo dragon (D:9)
  2 trolls
  2 slime creatures (D:10)
  2 shadows
  A wyvern (D:9)
  2 vampires (D:7)
  Grum (D:10)
  Eustachio (D:4)
  2 yaks (D:10)
  3 steam dragons
  Menkaure (D:7)
  3 water moccasins
  6 orc warriors
  A black bear (D:7)
  4 ice beasts
  2 ogres (D:4)
  4 centaurs
  4 wolves (D:10)
  3 phantoms
  2 kobold brigands
  2 bullfrogs (D:8)
  4 scorpions
  A necrophage (D:7)
  A gnoll sergeant (D:6)
  14 wights (D:8)
  A wyvern skeleton (D:7)
  2 killer bees (D:10)
  3 howler monkeys
  An electric eel (D:7)
  2 hounds (D:5)
  8 jellies
  5 orc priests
  Crazy Yiuf (D:4)
  Ijyb (D:4)
  16 orc wizards
  4 iguanas
  4 gnolls
  13 adders
  2 shadow imps (D:7)
  A white imp (D:6)
  4 ufetubi
  3 worms
  4 dart slugs
  44 orcs
  5 endoplasms
  5 giant cockroaches
  10 hobgoblins
  2 quokkas
  3 ball pythons (D:1)
  6 bats
  13 goblins
  14 kobolds
  4 rats
259 creatures vanquished.

Vanquished Creatures (others)
  13 plants (D:9)
13 creatures vanquished.

Grand Total: 272 creatures vanquished

Notes
Turn   | Place    | Note
-------+----------+-------------------------------------------
     0 | D:1      | koil the Spriggan Enchanter began the quest for the Orb.
     0 | D:1      | Reached XP level 1. HP: 9/9 MP: 5/5
   194 | D:1      | Reached XP level 2. HP: 13/13 MP: 6/6
   197 | D:1      | Learned a level 2 spell: Ensorcelled Hibernation
   747 | D:2      | Found a faded altar of an unknown god.
   928 | D:2      | Reached XP level 3. HP: 12/17 MP: 8/8
   932 | D:2      | Learned a level 3 spell: Confusing Touch
   984 | D:2      | Found Tuuty's Armour Shop.
  1027 | D:2      | Found Vilumoag's Antique Weapon Emporium.
  1027 | D:2      | Found Kiedyisu's Antique Armour Emporium.
  1163 | D:2      | Found Cunlieno's Antique Armour Shop.
  1200 | D:2      | Bought a runed robe for 85 gold pieces
  1452 | D:2      | Found Agrof's Weapon Emporium.
  1837 | D:3      | Reached skill level 5 in Stealth
  1891 | D:3      | Found a sacrificial altar of Ru.
  1891 | D:3      | Found a shimmering blue altar of Sif Muna.
  1992 | D:3      | Found Jovuc's Weapon Emporium.
  2349 | D:3      | Found Noboeta's Distillery.
  2629 | D:4      | Reached XP level 4. HP: 21/21 MP: 2/9
  2703 | D:4      | Noticed Ijyb
  2708 | D:4      | Paralysed by Ijyb for 3 turns
  2728 | D:4      | Reached skill level 1 in Fighting
  2766 | D:4      | Paralysed by Ijyb for 3 turns
  2779 | D:4      | Killed Ijyb
  2905 | D:4      | Noticed an ogre
  2912 | D:4      | Killed an ogre
  2913 | D:4      | Reached XP level 5. HP: 25/25 MP: 2/11
  3052 | D:4      | Found a stormy altar of Qazlal.
  3257 | D:4      | Reached skill level 6 in Stealth
  3257 | D:4      | Reached XP level 6. HP: 30/30 MP: 12/12
  3305 | D:4      | Found a runed translucent door.
  3306 | D:4      | Noticed Crazy Yiuf
  3313 | D:4      | Killed Crazy Yiuf
  3655 | D:4      | Noticed Eustachio
  3678 | D:4      | Killed Eustachio
  3679 | D:4      | Reached skill level 5 in Hexes
  3863 | D:4      | Reached XP level 7. HP: 35/35 MP: 9/14
  4069 | D:5      | Entered Level 5 of the Dungeon
  4113 | D:5      | Found a staircase to the Ecumenical Temple.
  4188 | D:5      | Reached skill level 5 in Dodging
  4192 | D:5      | Reached skill level 7 in Stealth
  4443 | D:5      | Reached skill level 5 in Spellcasting
  4716 | D:5      | Reached XP level 8. HP: 14/39 MP: 12/16
  5339 | D:5      | Found an opulent altar of Gozag.
  5566 | Temple   | Entered the Ecumenical Temple
  5893 | Temple   | Became a worshipper of Dithmenos the Shadowed
  6072 | Temple   | Gained mutation: Armour fits poorly on your strangely
                  | shaped body. [potion of mutation]
  6072 | Temple   | Gained mutation: Your spells are a little harder to cast,
                  | but a little more powerful. [potion of mutation]
  6072 | Temple   | Gained mutation: You passively dampen the noise of your
                  | surroundings. [potion of mutation]
  6138 | D:6      | Reached skill level 8 in Stealth
  6335 | D:6      | Reached skill level 5 in Short Blades
  6551 | D:6      | Found the Hermit's Pendant {Faith Invo=14 Evo=0 MP+5}
  6793 | D:6      | Reached XP level 9. HP: 37/45 MP: 12/19
  6807 | D:6      | Reached * piety under Dithmenos
  7014 | D:7      | Found Nohav's Assorted Antiques.
  7017 | D:7      | Found a transporter.
  7022 | D:7      | Found a transporter.
  7027 | D:7      | Found an ancient bone altar of Kikubaaqudgha.
  7056 | D:7      | Reached skill level 9 in Stealth
  7289 | D:7      | Found Nefyl's Armour Shoppe.
  7351 | D:7      | Found a basalt altar of Yredelemnul.
  7593 | D:7      | Noticed Menkaure
  8029 | D:7      | Killed Menkaure
  8039 | D:7      | Upgraded the game from 0.30-a0-269-gf0224bf7b6 to
                  | 0.30-a0-272-gf98c3da03f
  8379 | D:8      | Reached skill level 10 in Stealth
  8549 | D:8      | Reached XP level 10. HP: 48/51 MP: 18/22
  8705 | D:8      | Found an iron altar of Okawaru.
  8996 | D:8      | Reached ** piety under Dithmenos
  9643 | D:9      | Found a staircase to the Lair.
  9826 | D:9      | Reached skill level 5 in Fighting
  9909 | D:9      | Found Huotoj's Antique Weapon Boutique.
  9914 | D:9      | Bought a warped short sword for 176 gold pieces
  9914 | D:9      | Identified the +1 short sword of Sofiriowk {venom, Int+2}
                  | (You bought it in a shop on level 9 of the Dungeon)
  9963 | D:9      | Noticed Harold
  9970 | D:9      | Killed Harold
  9971 | D:9      | Reached skill level 11 in Stealth
 10132 | D:9      | Noticed an orange demon
 10147 | D:9      | Noticed Amaemon
 10154 | D:9      | Killed an orange demon
 10158 | D:9      | Killed Amaemon
 10266 | D:9      | Found a runed translucent door.
 10266 | D:9      | Noticed chippings's ghost (novice OgFE)
 10889 | D:9      | Killed chippings's ghost
 10890 | D:9      | Reached XP level 11. HP: 56/56 MP: 20/24
 10937 | D:10     | Entered Level 10 of the Dungeon
 11181 | D:10     | Reached *** piety under Dithmenos
 11358 | D:10     | Found a sparkling altar of Nemelex Xobeh.
 11427 | D:10     | Noticed Psyche
 11430 | D:10     | Noticed Grum
 11460 | D:10     | Noticed a white ugly thing
 11460 | D:10     | Noticed a centaur warrior
 11463 | D:10     | Killed Grum
 11463 | D:10     | Noticed a deep elf pyromancer
 11514 | D:10     | Killed a white ugly thing
 11515 | D:10     | Reached skill level 12 in Stealth
 11626 | D:10     | Reached skill level 10 in Dodging
 11752 | D:10     | Killed a centaur warrior
 11777 | D:10     | Noticed an anaconda
 11783 | D:10     | Killed an anaconda
 11921 | D:10     | Slain by Psyche

Illustrated notes

Levels and vault maps discovered:
D:1:      tarquinn_simple_flora_water_e, layout_loops_ring
D:2:      layout_basic, serial_shops, nicolae_shop_crystal,
          nicolae_shop_behind_doors, nicolae_shop_trees,
          nicolae_shop_hallway_stairs, shop, nicolae_ecumenical_pavilion
D:3:      layout_loops_corners, nicolae_overflow_hidden_temple, serial_shops,
          nicolae_shop_bloodbath_and_beyond, nicolae_shop_behind_doors
D:4:      cheibrodos_greedy_goblins, layout_loops_ring, grunt_qazlal_sundering,
          uniq_crazy_yiuf_cottage, uniq_ijyb, uniq_eustachio
D:5:      minmay_spotlight, layout_basic,
          nicolae_gozag_cash_rules_everything_around_me,
          minmay_temple_entry_tees
D:6:      layout_cave_pools
D:7:      layout_gridville, gammafunk_temple_of_torment, serial_shops,
          nicolae_inconvenience_store, shop_statue, chequers_mini_garden,
          fountainhead
D:8:      layout_loops_cross, okawaru_altar_gauntlet_db, minmay_misc_feat_plants
D:9:      layout_basic, david_lair_shrubbed, serial_shops, shop,
          gammafunk_ghost_grave, uniq_amaemon, uniq_harold
D:10:     minmay_the_grid_octo_tiled_squarecenter [minmay_the_grid_octo_chip,
          minmay_the_grid_octo_tetromino_candy, minmay_the_grid_octo_horde,
          minmay_the_grid_octo_odd_swirl,
          minmay_the_grid_square_5x5_megaprize_open,
          minmay_the_grid_square_5x5_n, minmay_the_grid_square_5x5_spiral,
          minmay_the_grid_square_5x5_plus,
          minmay_the_grid_square_5x5_sharp_hourglass], layout_grid_maze,
          lemuel_coloured_pillars_altar, nemelex_spade_bored_becter,
          uniq_psyche, uniq_grum
Temple:   compressed_dpeg_triangle_lava_temple

Skill      XL: |  1  2  3  4  5  6  7  8  9 10 11 |
---------------+----------------------------------+-----
Dodging        | 3 4 5 6 8 9 10 | 10.5
Spellcasting   | 3 4 5 6 7 8 9 |  9.7
Hexes          | 4 5 6 8 9 |  9.9
Stealth        | 5 6 7 8 10 11 12 | 12.6
Fighting       | 1 2 3 4 5 6 |  6.2
Short Blades   | 2 3 4 5 6 7 8 |  8.4

Action                   |  1- 3 |  4- 6 |  7- 9 | 10-12 || total
-------------------------+-------+-------+-------+-------++-------
Melee: Dagger            |   133 |   106 |     5 |   250 ||   494
       Punch             |       |     2 |     7 |    12 ||    21
       Short sword       |       |       |   326 |   127 ||   453
 Cast: Ensorcelled Hiber |    10 |    22 |    39 |    41 ||   112
       Confusing Touch   |       |     2 |    21 |    20 ||    43
  Use: Scroll            |       |       |    17 |     5 ||    22
       Potion            |       |       |     4 |       ||     4
 Stab: Sleeping          |    20 |    17 |    41 |    37 ||   115
       Confused          |       |       |    19 |    17 ||    36
Armor: Robe              |    19 |    11 |    19 |    16 ||    65
Dodge: Dodged            |    93 |    80 |   313 |   292 ||   778

Table legend: (Time is in decaauts)
 A = Elapsed time spent in this place.
 B = Non-inter-level travel time spent in this place.
 C = Inter-level travel time spent in this place.
 D = Time resting spent in this place.
 E = Time spent auto-exploring this place.
 F = Levels seen in this place.
 G = Mean time per level.
                   A        B        C        D        E       F      G
               +--------+--------+--------+--------+--------+-----+--------+
         Total |   8598 |   8164 |    434 |    356 |   5851 |  11 |  781.6 |
       Dungeon |   8162 |   7752 |    410 |    222 |   5686 |  10 |  816.2 |
        Temple |    435 |    412 |     23 |    133 |    164 |   1 |  435.0 |
               +--------+--------+--------+--------+--------+-----+--------+

Top non-repeatable levels by time:
     D:5: 1167 daAuts
     D:4: 1121 daAuts
     D:8: 915 daAuts
     D:9: 899 daAuts
     D:7: 896 daAuts
    D:10: 714 daAuts
     D:6: 689 daAuts
     D:2: 629 daAuts
     D:3: 619 daAuts
     D:1: 510 daAuts
  Temple: 435 daAuts
